 Dungeon Crawl Stone Soup version 0.25-a0-356-g7c9d860b3b (webtiles) character file.

Game seed: 4510665047554135470, levelgen mode: deterministic

170 Error4North the Shield-Bearer (level 5, -1/46 HPs)
             Began as a Hill Orc Fighter on Jan 4, 2020.
             Killed from afar by Ijyb (12 damage)
             ... with a bolt of acid
             ... on level 3 of the Dungeon.
             The game lasted 00:06:21 (2152 turns).

Error4North the Shield-Bearer (Hill Orc Fighter)    Turns: 2152, Time: 00:06:22

Health: -1/46      AC:  6    Str: 25    XL:     5   Next: 51%
Magic:  6/6        EV:  5    Int:  8    God:
Gold:   120        SH: 10    Dex: 10    Spells: 5/5 levels left

rFire    . . .     SeeInvis .   a - +0 war axe
rCold    . . .     Gourm    .   c - +0 shield
rNeg     . . .     Faith    .   n - +0 plate armour
rPois    .         Spirit   .   (no helmet)
rElec    .         Reflect  .   (no cloak)
rCorr    .         Harm     .   (no gloves)
MR       .....                  k - +2 pair of boots {Stlth+}
Stlth    ..........             (no amulet)
HPRegen  0.15/turn              (no ring)
MPRegen  0.10/turn              (no ring)

@: mighty, corroded
A: no striking features
a: no special abilities


You were on level 3 of the Dungeon.
You were hungry.

You visited 1 branch of the dungeon, and saw 3 of its levels.

You collected 120 gold pieces.

Inventory:

Hand Weapons
 a - a +0 war axe (weapon)
Missiles
 u - 39 stones (quivered)
Armour
 c - a +0 shield (worn)
 k - a +2 pair of boots of stealth (worn)
 n - a +0 plate armour (worn)
Jewellery
 b - an uncursed ring of see invisible {unknown}
Scrolls
 e - 6 scrolls of identify {unknown}
 h - 2 scrolls of fog {unknown}
 i - 3 scrolls of remove curse {unknown}
 j - 2 scrolls of enchant weapon {unknown}
 l - a scroll of immolation {unknown}
 m - a scroll of blinking {unknown}
 q - a scroll of magic mapping {unknown}
Potions
 g - 2 potions of brilliance {unknown}
 o - a potion of degeneration {unknown}
 p - a potion of curing {unknown}
 s - a potion of berserk rage {unknown}
 t - a potion of cancellation {unknown}
Comestibles
 f - 8 rations


   Skills:
 + Level 4.0 Fighting
 + Level 3.6 Axes
 * Level 3.9 Armour
 + Level 0.3 Dodging
 * Level 5.4 Shields
 * Level 0.6 Spellcasting


You had 5 spell levels left.
You didn't know any spells.
Your spell library was empty.

Dungeon Overview and Level Annotations

Branches:
Dungeon (3/15)

Altars:
Ashenzari
Fedhas
Wu Jian
Yredelemnul

Annotations:
D:3 Ijyb


Message History

Ijyb hits you but does no damage. You block the frilled lizard's attack.
You block Ijyb's attack. You block the frilled lizard's attack.
Your plate armour prevents you from hitting the frilled lizard.
You hit Ijyb but do no damage. Ijyb hits you with a +0 dagger.
You block the frilled lizard's attack. x2
You feel very mighty all of a sudden. Ijyb hits you but does no damage.
The frilled lizard bites you but does no damage.
You block the frilled lizard's attack.
You miss the frilled lizard. You hit Ijyb. You hit the frilled lizard.
You kill the frilled lizard!
Ijyb zaps a wand.
The bolt of acid hits you! The acid corrodes you!
You are splashed with acid!
* * * LOW HITPOINT WARNING * * *
The frilled lizard bites you but does no damage.
You slice Ijyb!!
Ijyb is almost dead.
Your shield prevents you from hitting the frilled lizard.
Ijyb zaps a wand.
The bolt of acid hits you!
You die...

#.#####.......#
.........##.#.#
.........#..#.#
............#.#
........#####.#
.......#......#
.......#.######
........>.....#
#.#.?.g@....#.#
#....l#...#
#.....#####
#.....# #.....#
.......#
........#
...######


You could see Ijyb and a frilled lizard.

Vanquished Creatures
  An orc wizard (D:3)
  Terence (D:2)
  3 adders
  A shadow imp (D:2)
  An ooze (D:1)
  A worm (D:2)
  3 dart slugs
  2 leopard geckos
  3 orcs (D:3)
  3 giant cockroaches
  6 goblins
  6 hobgoblins
  4 jackals (D:1)
  10 kobolds
  A quokka (D:2)
  7 bats
  5 frilled lizards
  9 rats
67 creatures vanquished.

Notes
Turn   | Place    | Note
-------+----------+-------------------------------------------
     0 | D:1      | Error4North the Hill Orc Fighter began the quest for the
                  | Orb.
     0 | D:1      | Reached XP level 1. HP: 19/19 MP: 1/1
   119 | D:1      | Reached XP level 2. HP: 27/27 MP: 2/2
   306 | D:1      | Reached skill level 4 in Shields
   331 | D:1      | Reached XP level 3. HP: 27/33 MP: 3/3
   739 | D:2      | Found a basalt altar of Yredelemnul.
   797 | D:2      | Found an ornate altar of the Wu Jian Council.
  1181 | D:2      | Reached XP level 4. HP: 40/40 MP: 4/4
  1202 | D:2      | Found a shattered altar of Ashenzari.
  1292 | D:2      | Noticed Terence
  1311 | D:2      | Killed Terence
  1437 | D:2      | Reached skill level 5 in Shields
  1685 | D:3      | Reached XP level 5. HP: 46/46 MP: 5/5
  1810 | D:3      | Found a blossoming altar of Fedhas.
  2141 | D:3      | Noticed Ijyb
  2152 | D:3      | Killed from afar by Ijyb

Levels and vault maps discovered:
D:1:      shiori_shiawase, layout_loops_ring, minmay_tromino_v7
D:2:      layout_basic, lemuel_round_altar, old_standard_altar,
          evilmike_ruin_ashenzari, uniq_terence
D:3:      layout_basic, fedhas_altar_3, minmay_statues_item,
          chequers_mini_garden, uniq_ijyb

Skill      XL: |  1  2  3  4  5 |
---------------+----------------+-----
Shields        | 4 5 |  5.4
Axes           | 3 |  3.6
Fighting       | 4 |  4.0
Armour         | |  3.9
Dodging        | |  0.3
Spellcasting   | |  0.6

Action                   |  1- 3 |  4- 6 || total
-------------------------+-------+-------++-------
Melee: War axe           |   126 |   132 ||   258
  Use: Potion            |       |     1 ||     1
  Eat: Chunk             |     1 |     3 ||     4
Armor: Scale mail        |    47 |       ||    47
       Plate armour      |    27 |   131 ||   158
Dodge: Dodged            |    34 |    31 ||    65
Block: Shield            |    79 |   129 ||   208

Table legend:
 A = Non-vault XP
 B = Vault XP
 C = Vault XP percentage of total XP
 D = Non-vault monster count
 E = Vault monster count
 F = Vault count percentage of total count
                 A         B        C        D         E       F
            +---------+---------+-------+---------+---------+-------
      Total |     203 |      41 |  16.8 |      63 |       4 |   6.0
            +---------+---------+-------+---------+---------+-------
        D:1 |      46 |       5 |   9.8 |      20 |       3 |  13.0
        D:2 |      70 |      36 |  34.0 |      22 |       1 |   4.3
        D:3 |      87 |       0 |   0.0 |      21 |       0 |   0.0
            +---------+---------+-------+---------+---------+-------
